 Dungeon Crawl Stone Soup version 0.27-a0-1200-g94dc6ad4cf (webtiles) character file.

Game seed: 15128084842168713949

611 funkygono the Firebug (level 7, -5/36 HPs)
             Began as a Gargoyle Fire Elementalist on May 31, 2021.
             Killed by divine providence
             ... invoked by an orc priest
              (12 damage)
             ... on level 4 of the Dungeon.
             The game lasted 00:08:03 (4629 turns).

funkygono the Firebug (Gargoyle Fire Elementalist)  Turns: 4629, Time: 00:08:03

Health: -5/36      AC:  9    Str: 12    XL:     7   Next: 44%
Magic:  9/13       EV: 12    Int: 17    God:
Gold:   184        SH:  0    Dex: 16    Spells: 4/15 levels left

rFire    . . .     SeeInvis .   g - +1 whip (drain)
rCold    . . .     Faith    .   (no shield)
rNeg     + . .     Spirit   .   a - +0 robe
rPois    ∞         Reflect  .   l - +2 helmet
rElec    +         Harm     .   (no cloak)
rCorr    .         Rampage  .   (no gloves)
Will     .....                  (no boots)
Stlth    ++........             (no amulet)
HPRegen  0.12/turn              k - +6 ring of dexterity
MPRegen  0.13/turn              (no ring)

@: no status effects
A: sickness immunity, AC +4, negative energy resistance 1, electricity
resistance, torment resistance 1, petrification resistance
a: no special abilities


You were on level 4 of the Dungeon.
You visited 1 branch of the dungeon, and saw 4 of its levels.

You collected 184 gold pieces.

Inventory:

Hand Weapons
 d - a +0 dagger
 g - a +1 whip of draining (weapon)
Missiles
 f - 81 stones
Armour
 a - a +0 robe (worn)
 b - a +0 leather armour
 l - a +2 helmet (worn)
Jewellery
 h - an amulet of guardian spirit
 k - a +6 ring of dexterity (left hand)
Wands
 i - a wand of flame (18)
Scrolls
 e - 4 scrolls of identify
 m - a scroll of torment {unknown}
 n - a scroll of teleportation
 q - a scroll of fog {unknown}
Potions
 c - a potion of lignification
 j - a potion of brilliance
 o - 2 potions of curing {unknown}
 p - a potion of flight {unknown}


   Skills:
 + Level 0.6 Maces & Flails
 + Level 2.1 Dodging
 - Level 2.1 Stealth
 * Level 4.5 Spellcasting
 * Level 4.6 Conjurations
 * Level 5.1 Fire Magic


You had 4 spell levels left.
You knew the following spells:

 Your Spells              Type           Power      Damage    Failure   Level
a - Foxfire               Conj/Fire      80%        2x1d8     1%          1
b - Conjure Flame         Conj/Fire      20%        6-21      6%          3
c - Inner Flame           Hex/Fire       12%        N/A       16%         3
d - Sticky Flame          Conj/Fire      20%        2d4       21%         4

Your spell library contained the following spells:

 Spells                   Type           Power      Damage    Failure   Level
 Shock                    Conj/Air       44%        1d5       6%          1
 Static Discharge         Conj/Air       11%        N/A       9%          2
 Swiftness                Air            3%         N/A       41%         3
 Airstrike                Air            1%         N/A       83%         4
 Fireball                 Conj/Fire      10%        3d6       50%         5
 Lightning Bolt           Conj/Air       5%         1d17      85%         5


Dungeon Overview and Level Annotations

Branches:
Dungeon (4/15)
 Temple: D:4-7

Altars:
Cheibriados
Gozag
Kikubaaqudgha

Shops:
D:3 [

Annotations:
D:4 3 runed translucent doors, ThereIsNoGod's ghost, amateur DjIE


Innate Abilities, Weirdness & Mutations

You are immune to sickness and miasma.
Your stone body is resilient. (AC +4)
You are immune to poison.
You resist negative energy. (rN+)
You are resistant to electric shocks. (rElec)
You are resistant to unholy torment.
You are immune to petrification.


Message History

The necrophage hits you but does no damage.
The orc hits you with a +0 mace.
Unknown command.
Your foxfire dissipates!
The foxfire hits the orc.
The orc is almost dead.
The foxfire hits the orc.
You kill the orc!
Casting: Foxfire (safe; 1% risk of failure)
Confirm with . or Enter, or press ? or * to list all spells.
The fire begins to smoulder!
The necrophage hits you.
The necrophage smothers the flame.
Casting: Conjure Flame (dangerous; 6% risk of failure)
Confirm with . or Enter, or press ? or * to list all spells.
You don't know that spell.
You hit the necrophage.
The necrophage is lightly damaged.
The necrophage hits you.
You hit the necrophage.
The necrophage is lightly damaged.
The necrophage hits you but does no damage.
You hit the necrophage.
The necrophage is moderately damaged.
The necrophage hits you but does no damage.
Casting: Conjure Flame (dangerous; 6% risk of failure)
Confirm with . or Enter, or press ? or * to list all spells.
You conjure some foxfire!
The necrophage closely misses you.
The orc priest mumbles some strange prayers to Beogh against you.
Beogh smites you!
The foxfire hits the necrophage.
The necrophage is heavily damaged.
The foxfire hits the necrophage.
The necrophage is severely damaged.
The necrophage barely misses you.
The orc priest invokes the aid of Beogh against you.
Beogh smites you!
* * * LOW HITPOINT WARNING * * *
The orc priest invokes the aid of Beogh against you.
Beogh smites you!
You die...

#.........#....................))
#...........###.#...............#
#...............#######...#####.#
#...........##### #....<....#
###########.# ##### #...####### #
########.# #...#####...#
####........# #...........# ###
...).######## #...#####...# #..
.##).# ##@## ###.# #.# .##..##
#n########'#####.# ....#.#
#.......#≈≈≈#..... ###..##
#o#####.'≈≈≈+..... ###.## #.#
###≈≈≈##.#.# ....# #o# ##+###.#..
##### #o# #.#.#....
#.######.#...#..##
#o..............##


You could see a necrophage, an orc priest and 2 orcs.

Vanquished Creatures
  Sigmund (D:3)
  A howler monkey (D:3)
  2 hounds (D:4)
  4 orc priests (D:4)
  An iron imp (D:3)
  2 orc wizards (D:4)
  A hound skeleton (D:4)
  Robin (D:3)
  5 adders
  2 dart slugs
  10 orcs
  6 ball pythons
  4 bats
  5 endoplasms
  5 giant cockroaches
  18 goblins
  12 hobgoblins
  4 jackals (D:3)
  3 kobolds
  A frilled lizard (D:2)
  3 rats
91 creatures vanquished.

Vanquished Creatures (collateral kills)
  2 foxfires (D:1)
2 creatures vanquished.

Vanquished Creatures (others)
  277 foxfires
  4 plants (D:1)
  8 withered plants (D:1)
289 creatures vanquished.

Grand Total: 382 creatures vanquished

Notes
Turn   | Place    | Note
-------+----------+-------------------------------------------
     0 | D:1      | funkygono the Gargoyle Fire Elementalist began the quest
                  | for the Orb.
     0 | D:1      | Reached XP level 1. HP: 10/10 MP: 3/3
   173 | D:1      | Found a faded altar of an unknown god.
   378 | D:1      | Reached XP level 2. HP: 15/15 MP: 1/5
  1254 | D:2      | Reached XP level 3. HP: 19/19 MP: 3/6
  1289 | D:2      | Learned a level 3 spell: Conjure Flame
  1916 | D:2      | Reached XP level 4. HP: 24/24 MP: 1/8
  2158 | D:3      | Reached skill level 4 in Fire Magic
  2432 | D:3      | Reached XP level 5. HP: 28/28 MP: 6/9
  2438 | D:3      | Learned a level 3 spell: Inner Flame
  2492 | D:3      | Noticed Sigmund
  2500 | D:3      | Killed Sigmund
  2501 | D:3      | Reached XP level 6. HP: 27/32 MP: 2/11
  2734 | D:3      | Found Suysiz's Armour Emporium.
  2863 | D:3      | Noticed Robin
  2868 | D:3      | Killed Robin
  3071 | D:3      | Found a snail-covered altar of Cheibriados.
  3340 | D:3      | Learned a level 4 spell: Sticky Flame
  3586 | D:4      | Found an ancient bone altar of Kikubaaqudgha.
  3830 | D:4      | Reached skill level 5 in Fire Magic
  3830 | D:4      | Reached XP level 7. HP: 36/36 MP: 7/12
  4116 | D:4      | Found a runed translucent gate.
  4116 | D:4      | Found a runed translucent gate.
  4218 | D:4      | Found a runed translucent gate.
  4221 | D:4      | Found an opulent altar of Gozag.
  4222 | D:4      | Noticed ThereIsNoGod's ghost (amateur DjIE)
  4629 | D:4      | Killed from afar by an orc priest

Illustrated notes

Levels and vault maps discovered:
D:1:      lightli_arrival_boilingwater, layout_loops_corners,
          shapermc_ecumenical_altar_flowoftime, serial_bayou_crossing
D:2:      layout_rooms, kennysheep_generic_room_7
D:3:      layout_loops_ring, slow_altar_2, serial_shops, shop, uniq_robin,
          uniq_sigmund
D:4:      layout_loops_cross, nicolae_kikubaaqudgha_miasma_corner,
          ebering_ghost_gozag, hangedman_abyss_or_decor_lesser_grid,
          minivault_25, minmay_liquid_box

Skill      XL: |  1  2  3  4  5  6  7 |
---------------+----------------------+-----
Conjurations   | 2 3 4 |  4.6
Fire Magic     | 4 5 |  5.1
Dodging        | 2 |  2.1
Spellcasting   | 3 4 |  4.5
Maces & Flails | |  0.6
Stealth        | |  2.1

Action                   |  1- 3 |  4- 6 |  7- 9 || total
-------------------------+-------+-------+-------++-------
Melee: Unarmed           |    26 |       |       ||    26
       Whip              |     1 |    31 |    26 ||    58
 Cast: Foxfire           |    56 |    85 |    23 ||   164
       Conjure Flame     |       |     3 |     1 ||     4
  Use: Scroll            |     2 |     6 |       ||     8
Armor: Robe              |     7 |     9 |    11 ||    27
Dodge: Dodged            |    19 |    16 |    25 ||    60

Table legend: (Time is in decaauts)
 A = Elapsed time spent in this place.
 B = Non-inter-level travel time spent in this place.
 C = Inter-level travel time spent in this place.
 D = Time resting spent in this place.
 E = Time spent auto-exploring this place.
 F = Levels seen in this place.
 G = Mean time per level.
                   A        B        C        D        E       F      G
               +--------+--------+--------+--------+--------+-----+--------+
         Total |   4647 |   4601 |     46 |    363 |   3594 |   4 | 1161.8 |
       Dungeon |   4647 |   4601 |     46 |    363 |   3594 |   4 | 1161.8 |
               +--------+--------+--------+--------+--------+-----+--------+

Top non-repeatable levels by time:
     D:3: 1270 daAuts
     D:4: 1267 daAuts
     D:1: 1236 daAuts
     D:2: 872 daAuts
